Map: Old Estate

Players

LaserCats

  • Race: Terran Terran
  • League: Bronze
  • Spawn Location: 3:00

Shamshu

  • Race: Protoss Protoss
  • Spawn Location: 1:00

bigdaddydoom

  • Race: Zerg Zerg
  • Spawn Location: 3:00

BoxHill

  • Race: Terran Terran
  • Spawn Location: 1:00

JaySlays - Winner!

  • Race: Zerg Zerg
  • Spawn Location: 9:00

Wolf - Winner!

  • Race: Terran Terran
  • League: Diamond
  • Spawn Location: 7:00

Hellscream - Winner!

  • Race: Protoss Protoss
  • Spawn Location: 7:00

Mazari - Winner!

  • Race: Protoss Protoss
  • Spawn Location: 7:00

VOD

Have the link to the VOD?

Description

Time

  • Played on: April 16, 2018, 8:25 p.m.
  • Length: 18:36
Show
View Real Time Build Order
Export as new Build Order

LaserCats Terran 

Build Orders:  

Get SALT Encoding   

  12  0:02  SCV  
  13  0:23  SCV  
  13  0:28  Supply Depot, Refinery  
  14  0:35  SCV  
  15  0:49  SCV  
  16  0:51  Barracks  
  16  1:02  SCV  
  17  1:30  SCV  
  18  1:40  Supply Depot  
  18  1:44  Factory  
  18  1:45  Orbital Command  
  18  1:56  Barracks Tech Lab  
  18  2:10  Supply Depot  
  18  2:15  Reaper  
  19  2:20  Refinery  
  20  2:22  SCV  
  20  2:27  Factory Tech Lab  
  20  2:35  SCV  
  21  2:43  Engineering Bay  
  21  2:47  SCV  
  22  2:58  Reaper  
  23  3:11  SCV  
  24  3:19  Command Center  
  24  3:23  SCV  
  25  3:30  Reaper  
  26  3:35  SCV  
  27  3:46  Starport  
  27  3:47  SCV  
  28  3:59  SCV  
  28  4:02  Reaper  
  33  4:10  Siege Tank  
  33  4:11  SCV  
  34  4:24  SCV  
  35  4:30  Orbital Command  
  35  4:34  Reaper  
  35  4:36  SCV  
  35  4:38  Refinery  
  37  4:39  Refinery  
  37  4:42  Missile Turret  
  37  5:12  Missile Turret  
  32  5:54  Starport  
  32  5:55  Starport, Starport Reactor  
  32  5:56  Starport Tech Lab  
  32  5:58  Starport  
  32  6:01  Starport, Armory  
  32  6:04  Starport  
  32  6:27  Sensor Tower  
  32  6:30  SCV x2  
  34  6:42  SCV x2  
  36  6:54  SCV x2  
  38  7:06  SCV x2  
  40  7:18  SCV x2, Sensor Tower  
  42  7:48  Starport Tech Lab  
  42  7:49  Starport Tech Lab x4  
  42  7:59  Terran Ship Weapons Level 1  
  42  8:06  Armory  
  42  8:15  Fusion Core  
  42  8:24  Command Center  
  42  8:30  Sensor Tower  
  42  8:45  Viking x4  
  42  8:46  Viking x2  
  51  9:10  Supply Depot  
  51  9:19  Smart Servos  
  51  9:32  Supply Depot  
  51  9:35  Viking x2  
  55  9:38  Missile Turret  
  51  9:53  Terran Vehicle And Ship Armor Level 1  
  51  9:54  Supply Depot  
  51  9:58  Missile Turret  
  43  10:15  Battlecruiser x2  
  43  10:16  Supply Depot, Missile Turret  
  43  10:18  Battlecruiser  
  61  10:32  Planetary Fortress  
  61  10:35  Missile Turret  
  61  10:39  Supply Depot  
  61  10:54  Missile Turret  
  61  10:59  Viking x3  
  61  11:01  Supply Depot  
  67  11:13  Missile Turret  
  67  11:16  SCV  
  68  11:19  Viking  
  68  11:24  Supply Depot  
  70  11:28  SCV  
  70  11:31  Weapon Refit  
  70  11:32  Missile Turret  
  71  11:33  Viking  
  71  11:34  Viking x2  
  77  11:40  SCV  
  78  11:48  Supply Depot  
  78  11:51  Missile Turret  
  78  11:52  SCV  
  79  12:04  SCV  
  79  12:06  Terran Ship Weapons Level 2  
  79  12:07  Terran Vehicle And Ship Armor Level 2  
  80  12:10  Supply Depot, Missile Turret  
  80  12:26  Barracks Reactor  
  80  12:34  Supply Depot  
  80  12:43  Sensor Tower  
  80  12:56  Supply Depot  
  80  13:04  Refinery  
  80  13:05  Refinery  
  80  13:11  Sensor Tower  
  80  13:19  Supply Depot  
  80  13:38  Marine  
  80  13:39  Marine  
  82  13:42  Sensor Tower  
  82  13:43  Banshee x5  
  82  13:44  Banshee  
  100  13:48  Barracks  
  100  13:56  Marine x2  
  31  15:15  SCV  
  28  15:27  SCV  
  29  15:34  Supply Depot  
  29  15:39  SCV  
  30  15:52  SCV  
  30  15:56  Supply Depot  
  31  16:03  Starport Tech Lab  
  31  16:04  SCV, Orbital Command  
  32  16:12  Barracks  
  32  16:13  Barracks  
  32  16:16  Barracks  
  32  16:18  Supply Depot  
  30  16:21  Barracks  
  28  16:37  Medivac  
  30  16:41  Supply Depot  
  30  16:44  SCV  
  29  16:56  SCV  
  29  16:58  Barracks x2  
  29  17:03  Barracks  
  29  17:07  Medivac  
  29  17:08  SCV  
  32  17:20  SCV  
  33  17:26  Supply Depot  
  33  17:37  Medivac  
  31  17:47  Barracks Tech Lab  
  31  17:49  Supply Depot, Barracks Tech Lab  
  31  17:52  Barracks Reactor  
  31  18:08  Command Center  
Show
View Real Time Build Order
Export as new Build Order

Shamshu Protoss 

Build Orders:  

Get SALT Encoding   

  12  0:02  Probe  
  13  0:14  Probe  
  14  0:22  Pylon  
  14  0:26  Probe  
  15  0:40  Probe  
  16  0:45  Assimilator  
  16  0:52  Probe  
  16  0:54  Assimilator  
  17  1:04  Probe  
  18  1:17  Nexus  
  18  1:21  Probe (Chrono Boost)  
  20  1:33  Probe (Chrono Boost)  
  20  1:38  Probe (Chrono Boost)  
  21  1:48  Probe (Chrono Boost)  
  22  2:00  Probe (Chrono Boost)  
  23  2:06  Gateway  
  23  2:09  Forge  
  23  2:15  Pylon  
  23  2:29  Probe x2 (Chrono Boost)  
  25  2:39  Probe x2 (Chrono Boost)  
  25  2:43  Probe x2 (Chrono Boost)  
  27  2:46  Pylon  
  29  2:55  Probe x2, Photon Cannon  
  31  3:04  Photon Cannon  
  31  3:07  Probe x2  
  33  3:14  Cybernetics Core  
  33  3:15  Pylon  
  33  3:19  Probe x2  
  35  3:24  Pylon  
  35  3:34  Assimilator  
  35  3:35  Probe (Chrono Boost)  
  35  3:41  Assimilator  
  37  3:45  Probe x2 (Chrono Boost)  
  38  3:50  Probe (Chrono Boost)  
  38  3:54  Stargate  
  39  3:58  Stargate  
  39  4:01  Probe  
  40  4:04  Protoss Air Weapons Level 1  
  40  4:14  Probe  
  40  4:15  Nexus  
  41  4:26  Probe  
  42  6:00  Probe (Chrono Boost)  
  42  6:03  Probe (Chrono Boost)  
  44  6:07  Protoss Air Armor Level 1 (Chrono Boost)  
  44  6:09  Probe (Chrono Boost)  
  44  6:10  Probe (Chrono Boost)  
  47  6:13  Probe (Chrono Boost)  
  47  6:16  Probe (Chrono Boost)  
  47  6:18  Probe (Chrono Boost)  
  49  6:19  Probe (Chrono Boost), Fleet Beacon  
  49  6:21  Probe (Chrono Boost)  
  49  6:24  Stargate  
  51  6:26  Probe, Stargate  
  51  6:29  Probe  
  53  6:33  Probe, Pylon  
  53  6:35  Pylon  
  53  6:37  Pylon  
  53  6:38  Probe  
  53  6:39  Pylon  
  55  6:41  Probe  
  55  6:42  Pylon  
  55  6:45  Probe, Pylon  
  57  6:47  Pylon  
  57  6:50  Stargate  
  57  7:08  Protoss Shields Level 1 (Chrono Boost), Pylon  
  57  7:19  Tempest x4 (Chrono Boost)  
  81  7:41  Assimilator  
  81  7:43  Tempest  
  87  7:45  Assimilator  
  87  7:54  Tempest  
  93  8:04  Tempest  
  105  8:34  Protoss Air Weapons Level 2 (Chrono Boost)  
  99  8:55  Tempest x2  
  111  9:10  Tempest  
  117  9:35  Tempest  
  117  9:36  Tempest  
  117  10:03  Tempest x2  
  129  10:40  Protoss Air Armor Level 2 (Chrono Boost)  
  129  10:45  Twilight Council  
  129  10:52  Tempest x2  
  129  10:55  Tempest  
  147  11:08  Nexus  
  147  12:19  Tempest x2  
  147  12:21  Pylon  
  159  12:22  Pylon  
  159  12:25  Pylon  
  159  12:39  Tempest x2  
  159  12:40  Tempest  
  177  13:02  Tempest  
  183  13:34  Tempest  
  165  13:48  Tempest x2 (Chrono Boost)  
  56  14:55  Stargate  
  56  14:56  Stargate  
  37  15:16  Pylon  
  37  15:24  Probe (Chrono Boost)  
  38  15:34  Probe (Chrono Boost)  
  39  15:38  Gateway  
  39  15:39  Probe (Chrono Boost)  
  35  15:44  Assimilator  
  35  15:48  Assimilator  
  16  15:51  Probe  
  15  16:03  Probe  
  16  16:15  Probe (Chrono Boost)  
  17  16:22  Pylon  
  17  16:24  Pylon  
  18  16:26  Probe (Chrono Boost), Pylon  
  18  16:29  Cybernetics Core  
  18  16:31  Probe (Chrono Boost)  
  19  16:32  Pylon  
  19  16:41  Probe  
  19  16:42  Forge  
  20  16:53  Probe  
  21  16:56  Pylon  
  21  17:05  Probe  
  21  17:17  Probe  
  21  17:21  Stargate  
  22  17:23  Stargate  
  22  17:24  Stargate  
  22  17:32  Stargate  
Show
View Real Time Build Order
Export as new Build Order

bigdaddydoom Zerg 

Build Orders: Hatch First 

Get SALT Encoding   

  12  0:01  Drone  
  13  0:15  Drone  
  13  0:18  Overlord  
  14  0:33  Extractor, Drone  
  15  0:37  Drone x2  
  17  0:59  Hatchery  
  16  1:10  Spawning Pool  
  15  1:13  Extractor  
  14  1:24  Drone  
  14  1:25  Drone x2  
  17  1:35  Drone  
  18  1:47  Drone  
  19  2:00  Drone  
  19  2:01  Extractor, Queen  
  19  2:07  Drone  
  22  2:12  Queen  
  22  2:13  Drone  
  25  2:19  Metabolic Boost  
  25  2:22  Drone  
  26  2:29  Drone  
  27  2:31  Drone  
  28  2:53  Overlord  
  28  2:54  Overlord  
  28  3:02  Extractor  
  27  3:13  Drone  
  27  3:14  Drone x2  
  27  3:19  Drone x2  
  32  3:23  Lair  
  32  3:27  Drone x3  
  32  3:28  Drone  
  32  3:31  Drone x4  
  40  3:40  Extractor  
  39  3:41  Overlord  
  39  3:43  Overlord  
  39  3:55  Drone  
  40  3:56  Drone x4  
  44  4:05  Drone x3  
  47  4:20  Overlord  
  47  4:25  Drone  
  47  4:26  Drone  
  49  4:32  Spire  
  49  4:36  Spore Crawler  
  47  4:39  Spore Crawler  
  47  4:40  Spore Crawler, Drone  
  47  4:41  Drone x3  
  47  4:43  Spore Crawler  
  48  4:47  Drone  
  48  4:48  Drone x2  
  48  4:51  Spore Crawler  
  50  4:53  Spore Crawler  
  50  4:57  Evolution Chamber  
  48  5:11  Drone  
  49  5:18  Pneumatized Carapace  
  49  5:25  Overlord x2  
  49  5:27  Hatchery  
  48  5:31  Zerg Melee Weapons Level 1  
  49  5:42  Drone  
  49  5:46  Infestation Pit  
  48  5:50  Zerg Flyer Weapons Level 1  
  48  5:55  Drone  
  49  5:59  Spire  
  49  6:00  Overlord x2  
  48  6:10  Corruptor x5  
  58  6:40  Hive  
  58  6:45  Overlord x2  
  58  6:49  Queen  
  58  6:51  Drone x3  
  58  6:52  Drone x11  
  74  7:12  Zerg Flyer Armor Level 1  
  74  7:14  Corruptor x3  
  80  7:23  Drone x2  
  80  7:29  Extractor  
  81  7:31  Extractor  
  81  7:35  Drone  
  81  7:43  Zerg Melee Weapons Level 2  
  81  7:45  Corruptor  
  81  7:46  Corruptor  
  81  7:47  Corruptor x3  
  91  7:52  Greater Spire  
  91  8:00  Corruptor  
  93  8:19  Corruptor x2  
  93  8:20  Corruptor  
  99  8:43  Zergling x2  
  99  8:44  Zergling x6  
  99  8:45  Zergling x10  
  99  8:46  Zergling x10  
  99  8:47  Zergling x8  
  99  8:48  Zergling x4  
  118  8:54  Adrenal Glands  
  119  9:06  Zerg Flyer Weapons Level 2  
  121  9:12  Overlord  
  121  9:13  Overlord x5  
  121  9:14  Overlord  
  95  9:36  Brood Lord x2  
  95  9:37  Brood Lord x4  
  97  9:45  Brood Lord  
  98  10:08  Corruptor x4  
  98  10:14  Drone x3  
  108  10:21  Overlord x3  
  109  10:22  Overlord x2  
  109  10:35  Zerg Flyer Armor Level 2  
  109  10:37  Corruptor  
  109  10:38  Corruptor  
  113  11:03  Queen  
  115  11:07  Zerg Melee Weapons Level 3  
  115  11:21  Corruptor  
  115  11:22  Corruptor x4  
  121  12:11  Brood Lord  
  121  12:12  Brood Lord x4  
  131  12:21  Zerg Flyer Weapons Level 3  
  109  13:19  Corruptor x3  
  111  13:20  Corruptor x5  
  111  13:23  Zergling x6  
  111  13:24  Zergling x22  
  111  13:25  Zergling x14  
  105  14:24  Spawning Pool  
  96  14:30  Brood Lord  
  96  14:31  Brood Lord x6  
  70  15:00  Burrow  
  66  16:08  Corruptor  
  66  16:09  Corruptor x8  
  84  16:16  Queen  
  84  16:40  Drone x22  
  84  16:48  Brood Lord x2  
Show
View Real Time Build Order
Export as new Build Order

BoxHill Terran 

Build Orders: Mech 

Get SALT Encoding   

  12  0:02  SCV  
  13  0:18  SCV  
  14  0:24  Supply Depot  
  14  0:30  SCV  
  15  0:45  SCV  
  15  0:49  Barracks  
  16  0:53  Refinery  
  16  0:57  SCV  
  17  1:04  Refinery  
  17  1:10  SCV  
  18  1:22  SCV  
  19  1:34  SCV  
  20  1:41  Bunker  
  20  1:43  Marine  
  20  1:46  SCV  
  22  1:58  SCV  
  23  2:03  Factory  
  23  2:17  Supply Depot  
  23  2:30  Command Center  
  23  2:39  SCV  
  23  2:41  Supply Depot  
  24  2:51  SCV  
  24  2:56  Marine  
  26  3:06  Factory Tech Lab  
  26  3:13  Factory  
  26  3:28  SCV  
  26  3:31  Factory  
  26  3:33  Siege Tank  
  30  3:34  Rapid Fire Launchers  
  30  3:41  Orbital Command  
  30  3:52  Orbital Command  
  30  4:04  Cyclone  
  33  4:17  Siege Tank  
  33  4:20  Cyclone  
  39  4:37  Supply Depot, Cyclone  
  42  4:40  SCV  
  43  4:49  Cyclone  
  43  4:52  SCV  
  47  5:06  Cyclone  
  50  5:12  Refinery  
  50  5:14  Refinery  
  50  5:15  SCV  
  50  5:16  SCV  
  52  5:27  SCV  
  52  5:28  Supply Depot, SCV  
  54  5:45  Cyclone x2  
  60  5:53  Engineering Bay  
  60  5:58  SCV  
  60  6:00  SCV, Armory  
  62  6:10  SCV  
  63  6:11  Cyclone  
  63  6:12  SCV  
  67  6:22  Supply Depot, SCV  
  67  6:24  Building Armor, SCV  
  69  6:35  Sensor Tower  
  69  6:36  SCV  
  70  6:51  SCV  
  70  6:52  SCV  
  72  7:03  SCV  
  72  7:04  SCV  
  71  7:15  SCV  
  71  7:16  SCV  
  71  7:18  Command Center  
  73  7:27  SCV  
  64  7:53  Factory Tech Lab  
  64  7:54  Factory Tech Lab  
  64  8:07  Siege Tank  
  67  8:20  Terran Vehicle And Ship Armor Level 1  
  67  8:36  Sensor Tower  
  67  8:37  Missile Turret  
  67  8:40  Siege Tank x3  
  49  9:12  Siege Tank x2  
  46  9:49  Thor x2  
  52  10:07  Cyclone  
  52  10:32  Thor x2  
  52  10:34  Orbital Command  
  51  10:40  Orbital Command  
  51  10:43  Refinery  
  51  10:57  Factory Tech Lab  
  51  11:15  Siege Tank x2  
  57  11:23  SCV  
  57  11:24  Refinery  
  58  11:35  SCV  
  59  11:44  Bunker  
  59  11:47  SCV  
  60  11:59  SCV  
  61  12:03  SCV  
  62  12:11  SCV  
  63  12:15  SCV  
  64  12:24  Supply Depot  
  64  12:27  SCV  
  65  12:34  Supply Depot  
  65  12:36  Siege Tank x3  
  74  12:40  SCV  
  74  12:42  Marine  
  76  12:51  Supply Depot  
  76  12:52  SCV  
  7  14:04  SCV  
  8  14:16  SCV  
  9  14:28  SCV  
  10  14:38  Factory Tech Lab  
  10  14:40  SCV  
  10  14:42  Factory Tech Lab  
  10  14:44  Orbital Command  
  11  14:52  SCV  
  12  15:02  Siege Tank x2  
  18  15:08  Command Center  
  18  15:13  Armory  
  18  15:15  SCV  
  19  15:27  SCV  
  20  15:34  Siege Tank x2  
  26  15:39  SCV  
  27  15:51  SCV  
  27  15:54  SCV  
  29  16:03  SCV  
  30  16:06  Siege Tank x2  
  34  16:59  Supply Depot  
  34  17:05  Supply Depot  
  31  17:23  Siege Tank  
  31  17:24  Siege Tank  
Show
View Real Time Build Order
Export as new Build Order

JaySlays Zerg - Winner!

Build Orders: Hatch First 

Get SALT Encoding   

  12  0:01  Drone  
  13  0:13  Overlord  
  13  0:22  Drone  
  14  0:31  Drone x2  
  16  0:39  Drone  
  17  0:48  Drone  
  18  1:01  Hatchery  
  18  1:03  Extractor, Drone  
  17  1:18  Spawning Pool  
  17  1:19  Drone  
  17  1:23  Drone  
  18  1:31  Drone  
  19  1:46  Drone  
  20  1:51  Drone  
  21  2:01  Overlord  
  21  2:12  Drone  
  22  2:18  Drone  
  23  2:26  Zergling x2, Roach Warren  
  23  2:27  Zergling x2  
  24  2:34  Drone  
  25  2:40  Drone  
  25  2:43  Queen  
  28  2:46  Queen  
  30  2:55  Drone x2  
  30  2:56  Drone  
  33  3:02  Extractor  
  33  3:05  Drone  
  33  3:08  Roach  
  33  3:10  Overlord  
  35  3:17  Drone  
  36  3:29  Roach x2  
  36  3:30  Roach  
  42  3:39  Zergling x2  
  42  3:41  Drone  
  44  3:53  Overlord  
  44  3:58  Lair  
  44  4:00  Overlord x2  
  44  4:10  Drone, Evolution Chamber  
  44  4:11  Drone x3  
  44  4:12  Evolution Chamber  
  46  4:20  Roach x2  
  46  4:21  Roach  
  52  4:25  Drone  
  52  4:30  Queen  
  55  4:37  Zerg Missile Weapons Level 1  
  55  4:38  Zerg Ground Armor Level 1  
  55  4:46  Drone  
  55  4:47  Drone x5  
  55  4:49  Drone x2  
  55  4:50  Drone  
  64  4:55  Overlord  
  64  5:02  Hydralisk Den  
  63  5:09  Metabolic Boost  
  63  5:15  Extractor  
  63  5:16  Extractor  
  63  5:18  Roach  
  63  5:19  Roach x4  
  63  5:20  Roach  
  72  5:39  Hydralisk  
  74  5:43  Overlord x2  
  74  5:59  Hatchery  
  74  6:02  Drone x4  
  74  6:03  Drone x2  
  79  6:07  Hydralisk x3  
  79  6:10  Grooved Spines  
  85  6:30  Hydralisk  
  85  6:31  Hydralisk x2  
  91  6:32  Zerg Missile Weapons Level 2  
  91  6:36  Overlord x2  
  91  6:51  Zerg Ground Armor Level 2  
  91  7:02  Hydralisk x2  
  95  7:10  Drone x4  
  95  7:11  Drone x2  
  95  7:12  Drone x3  
  104  7:20  Hydralisk  
  104  7:21  Hydralisk x3  
  112  7:30  Drone  
  112  7:33  Overlord x3  
  112  7:51  Drone  
  112  7:52  Drone x7  
  120  8:07  Extractor  
  120  8:10  Extractor  
  118  8:15  Infestation Pit  
  118  8:16  Muscular Augments  
  117  8:22  Hydralisk  
  117  8:23  Hydralisk x8  
  135  8:45  Hydralisk  
  135  8:48  Overlord x4  
  137  8:49  Overlord  
  137  8:54  Hive  
  137  9:01  Spore Crawler  
  136  9:03  Spore Crawler, Glial Reconstitution  
  135  9:12  Hydralisk x2  
  135  9:13  Hydralisk x6  
  151  9:18  Hydralisk  
  151  9:19  Hydralisk  
  155  9:30  Overlord x2  
  155  9:38  Hydralisk  
  155  9:39  Hydralisk x4  
  165  9:47  Roach  
  165  9:48  Roach x3  
  173  10:06  Hydralisk x6  
  175  10:10  Zerg Missile Weapons Level 3  
  185  10:25  Overlord x2  
  184  10:36  Overlord  
  184  10:45  Zerg Ground Armor Level 3  
  184  10:47  Hydralisk x4  
  184  10:48  Hydralisk x3  
  198  10:59  Ultralisk Cavern  
  197  11:07  Hydralisk  
  199  11:11  Hatchery  
  166  11:56  Hydralisk x3  
  166  11:57  Hydralisk x2  
  172  12:04  Overlord  
  172  12:05  Overlord x3  
  172  12:16  Overlord x2  
  172  12:30  Hydralisk x4  
  172  12:31  Hydralisk x6  
  191  12:48  Overlord  
  191  12:49  Overlord x2  
  148  13:08  Hydralisk  
  148  13:09  Hydralisk x5  
  148  13:15  Hydralisk  
  148  13:16  Hydralisk  
  146  14:16  Hydralisk x7  
  146  14:17  Hydralisk  
  144  14:35  Hydralisk x5  
  146  14:55  Hatchery  
  141  15:00  Hydralisk  
  141  15:01  Hydralisk x4  
  151  15:13  Hydralisk x2  
  135  15:51  Hydralisk  
  135  15:52  Hydralisk x7  
  151  16:13  Hydralisk  
  151  16:14  Hydralisk x3  
  155  16:30  Drone  
  155  16:31  Drone x6  
  162  17:17  Hydralisk  
  162  17:18  Hydralisk x8  
  180  17:36  Hydralisk x3  
  180  17:37  Hydralisk x2  
Show
View Real Time Build Order
Export as new Build Order

Wolf Terran - Winner!

Build Orders: Reaper Expand, MMM Bio 

Get SALT Encoding   

  12  0:01  SCV  
  13  0:13  SCV  
  14  0:25  SCV  
  15  0:29  Supply Depot  
  15  0:51  SCV  
  15  0:53  Barracks  
  16  0:57  Refinery  
  16  1:03  SCV  
  17  1:15  SCV  
  18  1:27  SCV  
  19  1:43  Barracks  
  19  1:45  Reaper, Command Center  
  20  1:55  Orbital Command  
  20  2:04  Refinery  
  20  2:12  Supply Depot  
  20  2:18  Barracks Reactor  
  20  2:22  SCV  
  21  2:34  SCV  
  21  2:35  Barracks Tech Lab  
  22  2:40  Factory  
  22  2:46  SCV  
  23  3:00  SCV  
  23  3:02  Orbital Command  
  23  3:09  Stimpack  
  23  3:10  Marine  
  25  3:12  Marine, SCV  
  25  3:16  Marine  
  27  3:25  SCV  
  28  3:29  SCV  
  28  3:30  Marine  
  28  3:31  Marine  
  31  3:36  Factory Tech Lab  
  31  3:37  SCV  
  32  3:43  SCV  
  33  3:49  SCV  
  33  3:50  Starport  
  34  4:00  Marine x2  
  36  4:05  SCV x2  
  36  4:08  Supply Depot  
  38  4:12  Siege Tank  
  38  4:13  Marine  
  42  4:17  SCV x2  
  44  4:26  Marine x2  
  44  4:30  Supply Depot, Starport Reactor  
  44  4:31  Marine  
  46  4:33  SCV  
  46  4:34  SCV  
  46  4:38  Refinery  
  49  4:44  Marine x2  
  51  4:46  SCV x2  
  51  4:49  Marine  
  51  4:52  Siege Tank  
  57  4:53  Supply Depot  
  57  4:57  Supply Depot  
  57  4:58  SCV x2  
  59  5:02  Marine x2  
  59  5:06  Marine  
  61  5:10  Combat Shields  
  62  5:15  Medivac x2  
  62  5:19  Marine  
  62  5:20  Marine  
  68  5:21  SCV x2  
  68  5:24  Marine  
  71  5:54  Medivac x2, Engineering Bay  
  75  5:59  Siege Tank  
  75  6:03  Engineering Bay  
  78  6:04  Refinery  
  78  6:05  Supply Depot  
  78  6:08  Supply Depot  
  78  6:27  Marine x3, SCV x2  
  78  6:31  Siege Tank, Concussive Shells  
  86  6:38  Barracks  
  86  6:39  SCV  
  87  6:40  Barracks  
  87  6:43  Starport  
  87  6:44  Marine  
  87  6:45  Marine x2, Barracks  
  90  6:48  Barracks  
  90  6:50  Terran Infantry Weapons Level 1, Terran Infantry Armor Level 1  
  90  6:54  SCV  
  90  6:55  SCV  
  90  7:00  Supply Depot  
  92  7:01  Supply Depot  
  92  7:02  Marine x2  
  92  7:04  Marine  
  92  7:07  Siege Tank  
  98  7:21  Marauder  
  100  7:33  Marine  
  100  7:34  Barracks Tech Lab  
  100  7:35  Barracks Reactor  
  100  7:37  Barracks Tech Lab, Liberator x2  
  101  7:42  Marauder  
  101  7:43  Supply Depot x2  
  102  7:51  Marine  
  102  7:52  Marine x2  
  102  7:55  Siege Tank  
  114  8:03  Marine  
  115  8:28  Marine x4  
  115  8:29  Marauder x2  
  115  8:30  Marauder  
  125  8:45  Marine x2  
  125  8:46  Marine  
  128  8:51  Marauder  
  117  9:47  Marine  
  117  9:48  Marine x6  
  106  10:05  Marine  
  106  10:06  Marine x6, Viking  
  106  10:07  Viking  
  100  10:15  Starport  
  100  10:16  Starport  
  100  10:17  Supply Depot  
  100  10:21  Supply Depot  
  97  10:23  Marine x3  
  97  10:25  Marine x4  
  97  10:26  Command Center  
  97  10:27  Refinery  
  104  10:31  Armory  
  104  10:36  Siege Tank, Viking  
  104  10:37  Viking  
  104  10:41  Marine x3  
  114  10:43  Marine x4  
  118  10:52  Refinery  
  118  10:58  Marine  
  118  10:59  Marine x2  
  118  11:00  Marine, Starport Reactor x2  
  118  11:01  Marine x3  
  125  11:06  Viking x2  
  125  11:09  Supply Depot x2  
  125  11:10  Supply Depot  
  129  11:16  Marine  
  129  11:17  Marine  
  131  11:24  Terran Infantry Armor Level 2, Terran Infantry Weapons Level 2  
  131  11:26  Terran Ship Weapons Level 1  
  131  11:32  Supply Depot  
  131  11:36  Viking x2  
  131  11:38  Viking x4  
  143  11:47  Supply Depot  
  143  12:06  Supply Depot, Viking x2  
  143  12:07  Viking  
  143  12:08  Viking x3  
  153  12:11  Supply Depot  
  155  12:16  Orbital Command  
  143  12:38  Viking x3  
  143  12:39  Viking  
  143  12:40  Viking  
  150  13:15  Viking x3  
  150  13:16  Viking x2  
  160  13:31  Viking  
  154  13:45  Viking  
  154  13:47  Viking x2  
  146  14:06  Viking x2  
  136  14:21  Viking  
  136  14:22  Viking  
  138  14:47  Viking x2  
  138  14:49  Viking  
  144  15:09  Viking x2  
  148  15:22  Viking  
  148  15:23  Viking  
  152  15:49  Viking  
  154  15:50  Viking  
  156  16:01  Viking  
  147  16:54  Viking x4  
  147  16:55  Viking  
Show
View Real Time Build Order
Export as new Build Order

Hellscream Protoss - Winner!

Build Orders:  

Get SALT Encoding   

  12  0:02  Probe  
  13  0:16  Pylon  
  13  0:19  Probe  
  14  0:31  Probe  
  15  0:38  Gateway  
  15  0:43  Probe  
  16  0:52  Assimilator  
  16  0:55  Probe  
  17  1:02  Pylon  
  17  1:08  Probe  
  18  1:20  Probe  
  18  1:22  Gateway  
  19  1:26  Assimilator  
  19  1:32  Probe  
  20  1:43  Pylon  
  20  1:45  Probe  
  21  1:59  Probe  
  22  2:11  Probe  
  23  2:18  Nexus  
  23  2:26  Pylon  
  23  2:30  Cybernetics Core  
  23  2:37  Zealot  
  23  2:43  Zealot  
  27  2:57  Gateway  
  27  3:06  Pylon  
  27  3:16  Gateway  
  27  3:24  Twilight Council  
  27  3:31  Pylon  
  27  3:33  Probe  
  28  3:45  Probe  
  29  3:52  Probe  
  30  3:57  Probe, Warp Gate  
  30  4:01  Charge  
  31  4:04  Probe  
  31  4:07  Pylon  
  33  4:10  Probe  
  33  4:16  Probe  
  34  4:18  Forge  
  34  4:26  Probe  
  34  4:28  Probe  
  36  4:35  Zealot  
  36  4:38  Probe, Zealot  
  41  4:40  Probe  
  42  4:52  Probe  
  43  4:56  Assimilator  
  43  5:01  Assimilator  
  43  5:04  Probe  
  44  5:14  Forge  
  44  5:15  Protoss Ground Weapons Level 1  
  44  5:16  Probe  
  45  5:22  Gateway  
  45  5:23  Gateway  
  44  5:28  Probe  
  41  5:40  Probe x2  
  43  5:51  Protoss Shields Level 1  
  43  5:52  Probe  
  43  5:56  Nexus  
  44  6:01  Probe  
  45  6:05  Probe  
  46  6:12  Pylon  
  46  6:13  Probe  
  46  6:17  Probe  
  48  6:25  Probe  
  49  6:34  Zealot x2  
  49  6:35  Zealot x3  
  49  6:36  Zealot  
  61  6:42  Pylon  
  61  6:44  Pylon  
  61  6:46  Pylon  
  61  6:49  Pylon  
  61  6:54  Probe  
  61  7:00  Zealot x2  
  61  7:01  Zealot x4  
  70  7:06  Probe  
  75  7:10  Probe  
  76  7:18  Probe, Assimilator  
  77  7:23  Probe  
  77  7:24  Assimilator  
  78  7:30  Probe  
  78  7:32  Zealot  
  78  7:33  Zealot x2  
  78  7:35  Probe, Zealot  
  78  7:36  Zealot  
  90  7:40  Zealot  
  90  7:42  Probe  
  93  7:47  Probe  
  94  7:54  Probe  
  95  7:59  Probe  
  96  8:10  Protoss Ground Weapons Level 2  
  96  8:12  Protoss Shields Level 2  
  96  8:25  Robotics Facility  
  96  8:26  Robotics Facility  
  96  8:28  Robotics Facility  
  96  8:32  Robotics Facility  
  96  8:51  Robotics Facility  
  52  9:38  Robotics Bay  
  52  9:43  Probe  
  53  9:45  Probe  
  53  9:50  Zealot x2  
  53  9:51  Zealot x2  
  53  9:52  Zealot x2  
  64  9:55  Probe  
  64  9:58  Probe  
  68  10:07  Probe  
  68  10:10  Probe  
  68  10:11  Zealot  
  68  10:12  Zealot x3  
  68  10:13  Zealot  
  80  10:14  Zealot  
  80  10:19  Probe  
  83  10:22  Probe  
  84  10:32  Zealot  
  84  10:33  Zealot x2  
  84  10:34  Probe, Zealot x2  
  84  10:35  Zealot  
  97  10:38  Protoss Ground Weapons Level 3  
  97  10:41  Protoss Shields Level 3  
  97  10:44  Colossus x3  
  97  10:45  Colossus x2  
  127  11:00  Pylon  
  127  11:01  Pylon  
  127  11:03  Pylon  
  127  11:05  Pylon  
  127  11:19  Zealot  
  127  11:20  Zealot x3  
  127  11:24  Zealot  
  127  11:25  Zealot  
  139  11:38  Colossus x5  
  169  13:49  Colossus  
  169  13:53  Colossus  
  169  13:54  Colossus  
  123  14:23  Colossus x2  
  131  14:29  Zealot  
  131  14:30  Zealot x2  
  125  14:42  Colossus  
  129  14:46  Colossus  
  129  14:48  Colossus  
  135  15:15  Nexus  
  135  15:16  Colossus x2  
  147  15:23  Assimilator  
  148  15:28  Assimilator  
  147  15:36  Colossus  
  147  15:37  Zealot  
  147  15:38  Zealot x3  
  147  15:39  Zealot x2  
  165  15:47  Pylon  
  165  15:50  Pylon  
  165  15:52  Pylon  
  165  15:54  Pylon  
  165  16:27  Zealot x3  
  165  16:28  Zealot x3  
  177  16:48  Zealot x2  
  177  16:49  Zealot x4  
Show
View Real Time Build Order
Export as new Build Order

Mazari Protoss - Winner!

Build Orders:  

Get SALT Encoding   

  12  0:11  Pylon  
  12  0:15  Probe  
  13  0:27  Probe  
  14  0:40  Probe  
  15  0:45  Pylon  
  15  0:52  Probe  
  15  0:53  Gateway  
  16  1:04  Probe  
  17  1:16  Probe  
  18  1:19  Gateway  
  18  1:28  Probe, Forge  
  19  1:44  Assimilator  
  19  1:46  Probe  
  20  1:55  Assimilator  
  20  1:58  Probe  
  21  2:10  Probe  
  22  2:34  Gateway  
  22  2:40  Gateway  
  22  2:48  Cybernetics Core  
  22  2:50  Probe  
  23  3:09  Nexus  
  23  3:17  Pylon  
  23  3:21  Pylon  
  23  3:29  Stalker  
  23  3:32  Stalker  
  27  3:46  Stalker  
  29  3:52  Stalker  
  31  3:59  Stalker  
  31  4:02  Stalker  
  35  4:15  Probe  
  35  4:16  Stalker  
  38  4:22  Stalker  
  40  4:27  Probe  
  41  4:31  Probe  
  42  4:39  Probe  
  42  4:43  Probe  
  44  4:51  Probe  
  45  4:55  Probe  
  46  5:03  Probe  
  46  5:05  Pylon  
  47  5:07  Probe  
  47  5:10  Pylon  
  48  5:18  Pylon  
  48  5:20  Probe  
  49  5:22  Pylon  
  49  5:28  Pylon  
  49  5:39  Stalker  
  49  5:42  Stalker  
  53  5:44  Stalker  
  53  5:46  Stalker  
  57  6:07  Probe  
  57  6:09  Stalker  
  60  6:12  Stalker  
  60  6:14  Stalker  
  60  6:16  Stalker  
  66  6:19  Probe  
  67  6:32  Probe  
  68  6:37  Protoss Air Weapons Level 1  
  68  6:40  Protoss Shields Level 1  
  68  6:44  Probe  
  69  6:56  Probe  
  70  7:08  Probe  
  71  7:41  Pylon  
  71  7:45  Probe  
  72  7:57  Probe  
  73  8:09  Probe  
  74  8:21  Probe  
  74  8:25  Stalker  
  77  8:30  Stalker  
  77  8:31  Protoss Air Armor Level 1  
  77  8:32  Stalker  
  77  8:33  Probe  
  82  8:34  Protoss Ground Armor Level 1  
  82  8:36  Stalker  
  66  8:49  Assimilator  
  66  8:55  Stalker, Assimilator  
  62  9:00  Stalker  
  62  9:02  Stalker  
  60  9:06  Stalker  
  60  9:25  Stalker  
  60  9:26  Pylon  
  60  9:30  Stalker  
  64  9:31  Pylon  
  64  9:32  Stalker  
  64  9:35  Pylon  
  66  9:55  Stalker  
  66  9:59  Stalker  
  68  10:02  Stalker, Stargate  
  68  10:05  Stargate  
  72  10:12  Stargate  
  70  10:24  Stargate  
  62  10:28  Protoss Ground Weapons Level 1  
  56  11:08  Pylon  
  56  11:18  Pylon  
  56  11:50  Void Ray  
  56  11:54  Void Ray  
  60  11:56  Void Ray  
  66  12:02  Void Ray  
  60  12:31  Photon Cannon  
  60  12:33  Void Ray  
  60  12:37  Void Ray  
  64  12:39  Void Ray  
  72  12:45  Void Ray  
  37  13:20  Void Ray  
  22  13:50  Void Ray  
  20  13:57  Void Ray  
  12  14:03  Void Ray  
  16  15:43  Phoenix  
Tags
 
Add a new tag
Caveats
  • Supply blocks, unpowered buildings, or Contaminate may cause inaccurate times.
  • Supply counts are checked every 10 seconds.